 Dungeon Crawl Stone Soup version 0.28-a0-863-g8cecda6153 (webtiles) character file.

Game seed: 1441621774724965609

1339 cheechan the Sneak (level 8, -2/54 HPs)
             Began as an Octopode Monk on Nov 18, 2021.
             Was an Initiate of Ashenzari.
             Slain by mnm's ghost (12 damage)
             ... on level 6 of the Dungeon.
             The game lasted 00:26:56 (6303 turns).

cheechan the Sneak (Octopode Monk)                  Turns: 6303, Time: 00:26:56

Health: -2/54      AC:  1    Str: 11    XL:     8   Next: 61%
Magic:  9/9        EV: 15    Int: 19    God:    Ashenzari [......]
Gold:   187        SH:  0    Dex: 15    Spells: 7/9 levels left

rFire   . . .      SeeInvis .   h - +4 short sword (flame)
rCold   . . .      Faith    .   (no shield)
rNeg    . . .      Spirit   .   (helmet restricted)
rPois   +          Reflect  .   (no amulet)
rElec   .          Harm     .   p - ring "Astrological Jealousy" {Int+6, Comp, Melee} (curse)
rCorr   .          Rampage  .   (no ring)
Will    .....      Rage     1%  (no ring)
Stlth   ++++++....              (no ring)
HPRegen 0.18/turn               (no ring)
MPRegen 0.11/turn               (no ring)
                                (no ring)
                                (no ring)

@: hasted, very quick
A: almost no armour, amphibious, 8 rings, camouflage 1, gelatinous body 1,
nimble swimmer 1, tentacles, berserk 1, poison resistance
a: Renounce Religion, Curse Item, Shatter the Chains


You were on level 6 of the Dungeon.
You worshipped Ashenzari.
Ashenzari was noncommittal.
You visited 2 branches of the dungeon, and saw 7 of its levels.

You collected 187 gold pieces.

Inventory:

Hand Weapons
 c - a +2 dagger of venom
 f - a +4 falchion
 h - a +4 short sword of flaming (weapon)
 l - a +2 quarterstaff of chaos
Missiles
 a - 101 bolts
 k - 50 sling bullets
 r - 24 arrows
 t - 14 poisoned darts (quivered)
Jewellery
 p - the cursed ring "Astrological Jealousy" (left tentacle) {Int+6, Comp, Melee}
   (You found it on level 5 of the Dungeon)

   [ring of intelligence]

   Int:       It affects your intelligence (+6).
   It has a curse which improves the following skills: Companions: Summonings
   and Necromancy.
   Melee Combat: Short Blades, Long Blades, Axes, Maces & Flails, Polearms,
   Staves and Unarmed Combat.
Wands
 b - a wand of digging (2)
 u - a wand of iceblast (11)
Scrolls
 i - a scroll of fog
 q - 3 scrolls of identify
 s - a scroll of fear
Potions
 d - 2 potions of brilliance
 e - 2 potions of curing
 j - 2 potions of resistance
 m - a potion of lignification
 n - a potion of might
 o - a potion of attraction


   Skills:
 + Level 4.7 Fighting
 + Level 6.3(7.2) Short Blades
 + Level 3.1(5.4) Long Blades
 + Level 2.1 Throwing
 + Level 4.7 Dodging
 + Level 7.5 Stealth
 + Level 1.0 Spellcasting
 + Level 0.6 Conjurations


You had 7 spell levels left.
You knew the following spells:

 Your Spells              Type           Power      Damage    Failure   Level
a - Magic Dart            Conj           12%        1d3       14%         1
b - Summon Small Mammal   Summ           4%         N/A       19%         1

Your spell library contained the following spells:

 Spells                   Type           Power      Damage    Failure   Level
 Searing Ray              Conj           6%         2d4       22%         2
 Call Canine Familiar     Summ           1%         N/A       50%         3
 Ozocubu's Armour         Ice            0%         N/A       50%         3
 Summon Guardian Golem    Hex/Summ       1%         N/A       50%         3
 Fulminant Prism          Conj/Hex       1%         3d6       85%         4
 Ozocubu's Refrigeration  Ice            0%         4d5       100%        7


Dungeon Overview and Level Annotations

Branches:
Dungeon (6/15)             Temple (1/1) D:5

Altars:
Ashenzari
Cheibriados
Dithmenos
Elyvilon
Fedhas
Gozag
Hepliaklqana
Kikubaaqudgha
Makhleb
Nemelex Xobeh
Okawaru
Qazlal
Ru
Sif Muna
Trog
Uskayaw
Vehumet
Wu Jian
Xom
Yredelemnul
Zin
The Shining One

Shops:
D:3 *

Annotations:
D:6 mnm's ghost, novice BaFi


Innate Abilities, Weirdness & Mutations

You cannot wear most types of armour.
You are amphibious.
You can wear up to eight rings at the same time.
Your skin changes colour to match your surroundings (Stealth+).
Your rubbery body absorbs attacks. (AC +1, EV +1)
You are camouflaged near water. (Stealth+)
You have tentacles for arms and can constrict up to eight enemies at once.
You tend to lose your temper in combat.
Your system is resistant to poisons. (rPois)


Message History

The helpless adder fails to defend itself.
You spit the adder like a pig!!! You burn the adder.
You kill the adder!
Your Spellcasting skill increases to level 1!
The bullfrog gives a loud, deep croak!
The adder barely misses you. The adder completely misses you.
You see here an adder corpse.
You hit the adder. You burn the adder. Your grab misses the adder.
Your squeeze misses the adder.
The adder is heavily wounded.
The adder bites you.
You puncture the adder! You burn the adder.
You kill the adder!
The bullfrog hits you!
You hit the bullfrog. You burn the bullfrog. Your grab misses the bullfrog.
The bullfrog is moderately wounded.
The bullfrog swells and bulges.
The bullfrog barely misses you.
You closely miss the bullfrog. Your grab misses the bullfrog.
The bullfrog is moderately wounded.
The bullfrog closely misses you.
You hit the bullfrog. You burn the bullfrog. You grab the bullfrog.
The bullfrog is moderately wounded.
You constrict the bullfrog. The bullfrog misses you.
The bullfrog closely misses you.
You barely miss the bullfrog.
The bullfrog is heavily wounded.
You constrict the bullfrog. The bullfrog hits you.
You puncture the bullfrog! You burn the bullfrog.
You kill the bullfrog!
You hit mnm's ghost but do no damage. Mnm's ghost hits you!
You closely miss mnm's ghost. You closely miss mnm's ghost.
Mnm's ghost hits you.
You hit mnm's ghost. You burn mnm's ghost. Your squeeze misses mnm's ghost.
Mnm's ghost is lightly damaged.
Mnm's ghost laughs crazily.
Mnm's ghost hits you!
* * * LOW HITPOINT WARNING * * *
You feel yourself speed up. Mnm's ghost hits you!
You die...

.....## #.# .#
#...## #.# .#
##.## #.# .#
...# #.######.#
.### #......#.#
.# #####....# .#
#.....###### .#
########........
.#
#≈=≈≈W@'.<......
.#
########...####.
.# #.....## ##
#....## .#
#.#... .#
#...... .#
#....... .##
#.......# ..#


You could see mnm's ghost.

Vanquished Creatures
  Grinder (D:4)
  A wyvern (D:5)
  An ice beast (D:6)
  A necrophage (D:5)
  2 ogres
  A bullfrog (D:6)
  2 scorpions (D:5)
  A water moccasin zombie (D:5)
  2 hounds (D:5)
  A jelly (D:4)
  Crazy Yiuf (D:4)
  Ijyb (D:5)
  2 iguanas
  A hound skeleton (D:5)
  2 howler monkey skeletons
  8 adders
  An adder skeleton (D:4)
  10 orcs
  9 endoplasms
  A giant cockroach (D:3)
  7 goblins
  8 hobgoblins
  7 jackals
  2 quokkas
  7 ball pythons
  8 bats
  2 frilled lizards
  5 kobolds
  8 rats
103 creatures vanquished.

Vanquished Creatures (others)
  A plant (D:5)
1 creature vanquished.

Grand Total: 104 creatures vanquished

Notes
Turn   | Place    | Note
-------+----------+-------------------------------------------
     0 | D:1      | cheechan the Octopode Monk began the quest for the Orb.
     0 | D:1      | Reached XP level 1. HP: 16/16 MP: 1/1
   108 | D:1      | Found a faded altar of an unknown god.
   133 | D:1      | Reached XP level 2. HP: 17/21 MP: 2/2
   465 | D:1      | Reached XP level 3. HP: 25/26 MP: 3/3
   540 | D:1      | Reached skill level 3 in Stealth
   816 | D:2      | Reached skill level 1 in Short Blades
   934 | D:2      | Gained mutation: You tend to lose your temper in combat.
                  | [potion of mutation]
   934 | D:2      | Gained mutation: Your system is resistant to poisons.
                  | (rPois) [potion of mutation]
   982 | D:2      | Reached skill level 1 in Throwing
  1139 | D:2      | Reached XP level 4. HP: 16/31 MP: 4/4
  2598 | D:3      | Found Ossel's General Store.
  2856 | D:4      | Reached XP level 5. HP: 31/36 MP: 5/5
  2947 | D:4      | Noticed an ogre
  3149 | D:4      | Reached skill level 4 in Stealth
  3379 | D:4      | Found a white marble altar of Elyvilon.
  3398 | D:4      | Learned a level 1 spell: Magic Dart
  3501 | D:4      | Noticed Grinder
  3523 | D:4      | Killed Grinder
  3524 | D:4      | Reached skill level 5 in Stealth
  3524 | D:4      | Reached XP level 6. HP: 32/43 MP: 1/6
  3745 | D:4      | Reached XP level 7. HP: 42/47 MP: 7/7
  3772 | D:4      | Found a runed translucent door.
  3773 | D:4      | Noticed Crazy Yiuf
  3782 | D:4      | Killed Crazy Yiuf
  4050 | D:5      | Entered Level 5 of the Dungeon
  4300 | D:5      | Reached skill level 5 in Short Blades
  4336 | D:5      | Reached skill level 6 in Stealth
  4419 | D:5      | Noticed a wyvern
  4443 | D:5      | Killed a wyvern
  4444 | D:5      | Reached XP level 8. HP: 7/54 MP: 8/8
  4923 | D:5      | Noticed Ijyb
  4931 | D:5      | Killed Ijyb
  5263 | D:5      | Found a staircase to the Ecumenical Temple.
  5274 | Temple   | Entered the Ecumenical Temple
  5695 | Temple   | Became a worshipper of Ashenzari the Shackled
  5699 | Temple   | Learned a level 1 spell: Summon Small Mammal
  6230 | D:6      | Reached skill level 7 in Stealth
  6280 | D:6      | Found a runed translucent door.
  6286 | D:6      | Noticed mnm's ghost (novice BaFi)
  6291 | D:6      | Reached skill level 1 in Spellcasting
  6303 | D:6      | Slain by mnm's ghost

Illustrated notes

Levels and vault maps discovered:
D:1:      dpeg_arrival_windows_large_door, layout_rooms,
          shapermc_ecumenical_altar_mp_vishouse, minmay_misc_feat_tiny,
          kennysheep_minor_cross
D:2:      minmay_chambers_of_ones, layout_basic
D:3:      layout_basic, serial_shops, shop
D:4:      layout_cave_pools, mainiacjoe_overflow_alcove_4,
          uniq_crazy_yiuf_cottage, uniq_grinder
D:5:      layout_loops_ring, minmay_temple_entry_poolview, hangedman_decor_push,
          serial_bayou_crossing, uniq_ijyb
D:6:      layout_loops_ring, ebering_ghost_sewer_d, serial_shops,
          nicolae_shop_temple_entry_statues_fountains, hangedman_decor_growths
Temple:   minmay_crystal_snake_temple

Skill      XL: |  1  2  3  4  5  6  7  8 |
---------------+-------------------------+-----
Stealth        | 3 5 6 7 |  7.5
Short Blades   | 1 2 3 4 5 6 |  6.3
Throwing       | 1 2 |  2.1
Dodging        | 4 |  4.7
Fighting       | 4 |  4.7
Spellcasting   | 1 |  1.0
Long Blades    | |  3.1
Conjurations   | |  0.6

Action                   |  1- 3 |  4- 6 |  7- 9 || total
-------------------------+-------+-------+-------++-------
Melee: Short sword       |    56 |    80 |    71 ||   207
       Constrict         |    12 |    19 |     8 ||    39
       Tentacles         |     5 |    16 |    11 ||    32
Throw: Boomerang         |    50 |     4 |       ||    54
 Cast: Magic Dart        |       |     4 |     2 ||     6
Invok: Curse Item        |       |       |     1 ||     1
  Use: Scroll            |     5 |     9 |       ||    14
       Potion            |     1 |       |     2 ||     3
 Stab: Sleeping          |     6 |     6 |    11 ||    23
Armor: Skin              |    10 |     2 |     1 ||    13
Dodge: Dodged            |    56 |    54 |    29 ||   139

Table legend: (Time is in decaauts)
 A = Elapsed time spent in this place.
 B = Non-inter-level travel time spent in this place.
 C = Inter-level travel time spent in this place.
 D = Time resting spent in this place.
 E = Time spent auto-exploring this place.
 F = Levels seen in this place.
 G = Mean time per level.
                   A        B        C        D        E       F      G
               +--------+--------+--------+--------+--------+-----+--------+
         Total |   6306 |   6306 |      0 |   1266 |      0 |   7 |  900.9 |
       Dungeon |   5822 |   5822 |      0 |   1266 |      0 |   6 |  970.3 |
        Temple |    483 |    483 |      0 |      0 |      0 |   1 |  483.0 |
               +--------+--------+--------+--------+--------+-----+--------+

Top non-repeatable levels by time:
     D:5: 1348 daAuts
     D:4: 1222 daAuts
     D:3: 1102 daAuts
     D:2: 925 daAuts
     D:1: 817 daAuts
  Temple: 483 daAuts
     D:6: 406 daAuts
